Map: Abyssal Reef LE

Players

Juxtapose - Winner!

  • Race: Protoss Protoss
  • League: Gold
  • Spawn Location: 5:00

Bahamut

  • Race: Zerg Zerg
  • League: Gold
  • Spawn Location: 11:00

VOD

https://youtu.be/u7JKKtTWWH0

Description

Another game where I definitely don't play so great, but I performed better than the last game.

I'm still trying to stop using the All Army Hotkey, but I always go back to it. One day.

I do make Phoenixes this match though, which I rarely get to use. That was fun.

Time

  • Played on: Sept. 10, 2017, 3:03 p.m.
  • Length: 12:52
Show
View Real Time Build Order
Export as new Build Order

Juxtapose Protoss - Winner!

Build Orders: Oracle Opening 

Get SALT Encoding   

  12  0:01  Probe (Chrono Boost)  
  13  0:12  Probe (Chrono Boost)  
  14  0:20  Pylon  
  14  0:22  Probe (Chrono Boost)  
  15  0:38  Probe (Chrono Boost)  
  16  0:42  Gateway  
  16  0:49  Probe (Chrono Boost)  
  17  0:53  Assimilator  
  17  1:00  Probe (Chrono Boost)  
  18  1:05  Pylon  
  18  1:10  Probe (Chrono Boost)  
  19  1:22  Pylon  
  19  1:38  Assimilator  
  19  1:39  Probe (Chrono Boost), Zealot  
  22  1:47  Cybernetics Core  
  22  1:55  Pylon  
  23  2:01  Probe (Chrono Boost)  
  23  2:21  Zealot  
  25  2:24  Warp Gate (Chrono Boost)  
  25  2:30  Mothership Core  
  27  2:39  Pylon  
  27  2:51  Stargate  
  27  2:52  Probe  
  28  3:04  Probe  
  29  3:14  Nexus  
  29  3:23  Probe  
  30  3:37  Oracle (Chrono Boost)  
  33  3:44  Pylon  
  33  3:45  Pylon  
  33  3:50  Pylon  
  33  3:58  Gateway  
  33  4:21  Gateway  
  33  4:24  Pylon  
  33  4:26  Probe  
  33  4:27  Probe  
  35  4:36  Probe  
  36  4:39  Probe  
  37  4:47  Probe  
  38  5:10  Stargate  
  38  5:11  Phoenix (Chrono Boost)  
  40  5:15  Probe  
  40  5:16  Probe  
  42  5:25  Probe  
  42  5:26  Zealot  
  42  5:27  Zealot x2  
  42  5:28  Probe  
  45  5:33  Phoenix (Chrono Boost)  
  44  5:40  Probe  
  39  5:48  Probe  
  40  5:52  Probe  
  41  5:58  Probe  
  41  5:59  Sentry x3  
  48  6:04  Probe  
  49  6:16  Probe  
  49  6:18  Probe  
  51  6:28  Probe  
  51  6:29  Probe  
  53  6:39  Probe  
  53  6:41  Probe  
  55  6:50  Probe  
  55  6:52  Gateway  
  55  6:53  Probe  
  57  6:56  Twilight Council  
  57  6:59  Forge  
  57  7:00  Probe  
  57  7:05  Probe  
  57  7:07  Assimilator  
  59  7:10  Zealot, Assimilator  
  59  7:11  Probe, Zealot  
  64  7:17  Probe  
  64  7:21  Probe  
  65  7:23  Zealot  
  68  7:32  Robotics Facility  
  68  7:35  Protoss Ground Weapons Level 1 (Chrono Boost)  
  68  7:36  Pylon  
  68  7:37  Charge  
  68  7:38  Probe  
  69  7:48  Probe x2  
  71  7:59  Probe  
  71  8:00  Probe  
  70  8:22  Phoenix x2  
  74  8:32  Photon Cannon  
  74  8:45  Stalker x3  
  74  8:46  Stalker  
  74  8:47  Photon Cannon  
  82  9:11  Phoenix x2  
  82  9:14  Stalker  
  82  9:15  Stalker, Nexus  
  82  9:16  Pylon  
  90  9:20  Stalker, Pylon  
  92  9:25  Stalker, Pylon  
  94  9:42  Phoenix x2  
  94  9:44  Blink  
  98  9:48  Protoss Ground Armor Level 1 (Chrono Boost)  
  98  9:51  Photon Cannon  
  98  10:09  Phoenix x2  
  102  10:28  Pylon  
  102  10:30  Stalker x2  
  102  10:34  Phoenix  
  108  10:59  Void Ray x2  
  92  11:41  Void Ray  
  92  11:42  Void Ray  
  92  11:43  Zealot x2  
  92  11:44  Zealot x2  
  102  12:04  Stalker  
  102  12:05  Stalker x3  
  110  12:24  Phoenix  
  110  12:25  Phoenix  
  110  12:44  Zealot x2  
  110  12:45  Zealot x2  
Show
View Real Time Build Order
Export as new Build Order

Bahamut Zerg 

Build Orders: Pool First 

Get SALT Encoding   

  12  0:10  Drone  
  12  0:11  Drone  
  14  0:17  Overlord  
  14  0:32  Overlord  
  14  0:48  Spawning Pool  
  13  0:50  Drone  
  13  0:51  Drone  
  15  0:59  Drone  
  16  1:20  Overlord  
  16  1:33  Extractor  
  16  1:36  Zergling x4  
  16  1:37  Queen  
  16  1:39  Zergling x2  
  20  2:01  Extractor  
  19  2:08  Drone x2  
  21  2:21  Zergling x2  
  21  2:22  Zergling x2  
  23  2:49  Zergling x4  
  23  2:50  Hatchery  
  24  3:04  Lair  
  24  3:14  Metabolic Boost  
  24  3:28  Zergling x8  
  28  3:40  Overlord  
  28  4:07  Spire  
  27  4:10  Drone x3  
  27  4:14  Drone  
  31  4:32  Queen  
  32  4:49  Spore Crawler  
  27  5:06  Drone  
  27  5:07  Drone x2  
  30  5:10  Drone  
  27  5:36  Mutalisk x2  
  28  5:48  Drone x2  
  26  5:51  Drone  
  27  6:01  Spore Crawler  
  26  6:12  Drone x2  
  26  6:16  Drone  
  29  6:25  Drone  
  29  6:26  Drone  
  29  6:29  Drone  
  32  6:37  Spore Crawler  
  31  6:42  Spore Crawler  
  31  6:46  Drone  
  31  6:50  Drone  
  32  7:02  Corruptor  
  32  7:06  Mutalisk  
  36  7:16  Corruptor  
  38  7:23  Mutalisk  
  40  7:37  Mutalisk x2  
  40  7:39  Mutalisk  
  46  7:47  Drone  
  46  7:48  Drone x2  
  49  7:51  Drone  
  49  7:54  Drone  
  51  8:02  Overlord  
  51  8:10  Overlord  
  51  8:12  Overlord  
  51  8:16  Drone  
  52  8:27  Corruptor  
  52  8:28  Corruptor  
  52  8:32  Overseer  
  56  8:38  Mutalisk x2  
  60  8:43  Mutalisk  
  62  8:50  Drone  
  62  8:51  Drone x2  
  62  8:52  Drone  
  66  8:57  Extractor x2  
  66  9:02  Spore Crawler  
  63  9:09  Mutalisk x2  
  67  9:12  Mutalisk  
  69  9:18  Drone  
  69  9:19  Drone x2  
  72  9:44  Hatchery  
  71  9:48  Drone  
  71  9:49  Drone x4  
  76  9:56  Zerg Flyer Weapons Level 1  
  76  10:02  Overlord  
  76  10:03  Overlord  
  76  10:35  Pneumatized Carapace  
  76  10:38  Corruptor x2  
  76  10:39  Corruptor x2  
  76  10:40  Mutalisk  
  86  11:00  Drone x7  
  95  11:15  Mutalisk  
  72  11:33  Zergling x2  
  72  11:34  Zergling x10  
  31  12:03  Mutalisk  
  31  12:04  Mutalisk x3  
  39  12:24  Mutalisk x2  
Tags
 
Add a new tag
Caveats
  • Supply blocks, unpowered buildings, or Contaminate may cause inaccurate times.
  • Supply counts are checked every 10 seconds.